 Dungeon Crawl Stone Soup version 0.23.1 (webtiles) character file.

Game seed: 0

100786 Devinter the Nimble (level 16, -1/190 HPs)
             Began as a Gnoll Monk on Mar 6, 2019.
             Was a High Priest of Okawaru.
             Slain by a frost giant
             ... wielding a +1 battleaxe of freezing
              (21 damage)
             ... on level 1 of the Depths on Mar 7, 2019.
             The game lasted 03:05:32 (32361 turns).

Devinter the Nimble (Gnoll Monk)                   Turns: 32361, Time: 03:05:33

Health: -1/190     AC: 15    Str: 24    XL:     16   Next: 28%
Magic:  26/30      EV: 29    Int: 12    God:    Okawaru [*****.]
Gold:   495        SH: 19    Dex: 24    Spells: 14/36 levels left

rFire    + . .     SeeInvis +   b - +5 scimitar (vamp)
rCold    + . .     Gourm    .   Z - +4 shield "Kiwnoff" {rElec Slay+2 Stlth+}
rNeg     + . .     Faith    .   X - +3 troll leather armour "Hyucen" {-Cast rC+ Regen+ Slay+5 SInv}
rPois    .         Spirit   .   T - +1 hat {MR+}
rElec    +         Reflect  .   O - scarf {cloud immunity}
rCorr    .         Harm     .   A - +1 pair of gloves "Losut" {rElec rF+}
MR       ++...     NoCast   +   h - +0 pair of boots {Stlth+}
Stlth    ..........             L - amulet of rage
HPRegen  0.81/turn              w - ring "Qutotwe" {Str+4 Stlth+}
MPRegen  0.22/turn              V - ring of positive energy

@: berserking, heroism, very quick
A: distributed training, fangs 1, strong nose
a: Heroism, Finesse, Renounce Religion, Evoke Berserk Rage


You were on level 1 of the Depths.
You worshipped Okawaru.
Okawaru was extremely pleased with you.
You were very hungry.

You visited 5 branches of the dungeon, and saw 25 of its levels.
You also visited: Ice Cave.

You collected 2731 gold pieces.
You spent 2236 gold pieces at shops.

Inventory:

Hand Weapons
 b - a +5 vampiric scimitar (weapon)
 g - a +4 scimitar of flaming
 u - a +1 hunting sling of velocity
 G - the +8 glaive of the Guard {elec, +Rage AC+5 SInv}
   (You found it in an ice cave)

   Occasionally, upon striking a foe, it will discharge some electrical energy
   and cause terrible harm.
   It affects your AC (+5).
   It lets you see invisible.
   It lets you go berserk.
 U - the +7 hunting sling of the Manifold Lovers {venom, SInv}
   (You bought it in a shop on level 2 of the Orcish Mines)

   It poisons the ammo it fires.
   It lets you see invisible.
 W - a +2 scimitar of freezing
Missiles
 a - 42 bolts
 o - 174 arrows
 y - 63 sling bullets
 z - 94 stones
 D - 2 needles of confusion
 K - 44 tomahawks (quivered)
 M - 5 throwing nets
Armour
 c - a +3 chain mail of magic resistance
 d - a +3 leather armour of poison resistance
 h - a +0 pair of boots of stealth (worn)
 A - the +1 pair of gloves "Losut" (worn) {rElec rF+}
   (Okawaru gifted it to you on level 5 of the Lair of Beasts)

   It protects you from fire.
   It insulates you from electricity.
 O - a scarf of cloud immunity (worn)
 T - a +1 hat of magic resistance (worn)
 X - the +3 troll leather armour "Hyucen" (worn) {-Cast rC+ Regen+ Slay+5 SInv}
   (You found it in an ice cave)

   It affects your accuracy and damage with ranged weapons and melee attacks
   (+5).
   It protects you from cold.
   It lets you see invisible.
   It prevents spellcasting.
   It increases your rate of regeneration.
 Z - the +4 shield "Kiwnoff" (worn) {rElec Slay+2 Stlth+}
   (Okawaru gifted it to you on level 3 of the Lair of Beasts)

   It affects your accuracy and damage with ranged weapons and melee attacks
   (+2).
   It insulates you from electricity.
   It makes you more stealthy.
Jewellery
 w - the ring "Qutotwe" (left hand) {Str+4 Stlth+}
   (You found it on level 6 of the Lair of Beasts)

   [ring of stealth]

   It affects your strength (+4).
   It makes you more stealthy.
 L - an amulet of rage (around neck)
 V - a ring of positive energy (right hand)
Wands
 i - a wand of iceblast (15)
 j - a wand of paralysis (10)
 r - a wand of polymorph (6)
 x - a wand of flame (43)
 R - a wand of clouds (6)
 S - a wand of digging (8)
Scrolls
 f - 4 scrolls of fog
 k - 6 scrolls of blinking
 l - 5 scrolls of magic mapping
 t - 9 scrolls of teleportation
 C - 8 scrolls of remove curse
 E - 2 scrolls of identify
 H - a scroll of summoning
 N - 3 scrolls of amnesia
 P - 4 scrolls of fear
Potions
 e - 10 potions of curing
 m - 4 potions of heal wounds
 n - 2 potions of brilliance
 p - 3 potions of might
 q - 5 potions of haste
 s - a potion of invisibility {unknown}
 v - 3 potions of agility
 B - 4 potions of magic
 F - a potion of resistance {unknown}
 J - 2 potions of berserk rage
 Y - 3 potions of ambrosia
Miscellaneous
 I - a phantom mirror
Comestibles
 Q - 30 rations


   Skills:
 + Level 12.1(17.1) Fighting
 + Level 10.5(15.5) Short Blades
 + Level 12.1(17.1) Long Blades
 + Level 10.5(15.5) Axes
 + Level 10.5(15.5) Maces & Flails
 + Level 10.5(15.5) Polearms
 + Level 10.5(15.5) Staves
 + Level 10.5(15.5) Slings
 + Level 10.5(15.5) Bows
 + Level 10.5(15.5) Crossbows
 + Level 10.5(15.5) Throwing
 + Level 10.5(15.5) Armour
 + Level 12.1(17.1) Dodging
 + Level 11.2(16.2) Stealth
 + Level 10.5(15.5) Shields
 + Level 10.5(15.5) Unarmed Combat
 + Level 10.5 Spellcasting
 + Level 8.9 Conjurations
 + Level 8.9 Hexes
 + Level 8.9 Charms
 + Level 8.9 Summonings
 + Level 8.9 Necromancy
 + Level 8.9 Translocations
 + Level 8.9 Transmutations
 + Level 8.9 Fire Magic
 + Level 8.9 Ice Magic
 + Level 8.9 Air Magic
 + Level 8.9 Earth Magic
 + Level 8.9 Poison Magic
 + Level 11.4 Invocations
 + Level 10.5 Evocations


You had 14 spell levels left.
You knew the following spells:

 Your Spells              Type           Power        Failure   Level  Hunger
a - Ozocubu's Armour      Chrm/Ice       ####....     1%          3    ##.....
b - Blink                 Tloc           N/A          1%          2    None
c - Shroud of Golubria    Chrm/Tloc      ####......   1%          2    None
d - Deflect Missiles      Chrm/Air       ####......   43%         6    #######
e - Summon Lightning Spi  Summ/Air       ####....     3%          4    ####...
f - Cause Fear            Hex            ####......   3%          4    ####...
g - Freeze                Ice            ####         1%          1    None

Your spell library contained the following spells:

 Spells                   Type           Power        Failure   Level  Hunger
 Flame Tongue             Conj/Fire      ####.        1%          1    None
 Magic Dart               Conj           ####         1%          1    None
 Sting                    Conj/Pois      ####         1%          1    None
 Call Imp                 Summ           ####....     1%          2    None
 Poisonous Vapours        Pois/Air       ####..       1%          2    None
 Slow                     Hex            ####....     1%          2    None
 Throw Flame              Conj/Fire      ####..       1%          2    None
 Throw Frost              Conj/Ice       ####..       1%          2    None
 Conjure Flame            Conj/Fire      ####....     1%          3    ##.....
 Gell's Gravitas          Tloc           ####......   1%          3    ##.....
 Inner Flame              Hex/Fire       ####....     1%          3    ##.....
 Lesser Beckoning         Tloc           ####......   1%          3    ##.....
 Mephitic Cloud           Conj/Pois/Air  ####....     1%          3    ##.....
 Teleport Other           Tloc           ####....     1%          3    ##.....
 Olgreb's Toxic Radiance  Pois           ####....     3%          4    ####...
 Passage of Golubria      Tloc           N/A          3%          4    ####...
 Sticky Flame             Conj/Fire      ####....     3%          4    ####...
 Summon Ice Beast         Ice/Summ       ####....     3%          4    ####...
 Throw Icicle             Conj/Ice       ####....     3%          4    ####...
 Fireball                 Conj/Fire      ####......   9%          5    #####..
 Silence                  Hex/Air        ####......   9%          5    #####..
 Venom Bolt               Conj/Pois      ####......   9%          5    #####..
 Bolt of Fire             Conj/Fire      ####......   43%         6    #######
 Conjure Ball Lightning   Conj/Air       ####......   43%         6    #######
 Dragon Form              Tmut           ####......   95%         7    #######
 Dragon's Call            Summ           ####......   100%        9    #######
 Tornado                  Air            ####......   100%        9    #######


Dungeon Overview and Level Annotations

Branches:
Dungeon (15/15) Temple (1/1) D:7 Lair (6/6) D:10 Swamp (0/4) Lair:2 Snake (0/4) Lair:4 Slime (0/5) Lair:5 Orc (2/2) D:12 Elf (0/3) Orc:2 Vaults (0/5) D:13 D:14 Depths (1/5) D:15

Altars:
Ashenzari
Cheibriados
Dithmenos
Elyvilon
Fedhas
Gozag
Hepliaklqana
Kikubaaqudgha
Makhleb
Nemelex Xobeh
Okawaru
Qazlal
Ru
Sif Muna
Trog
Uskayaw
Vehumet
Wu Jian
Xom
Yredelemnul
Zin
The Shining One
Beogh
Jiyva

Shops:
D:7 [   D:15 [   Orc:2 ![?(

Annotations:
Lair:2 Moth of Wrath DeathRoom, Xudgha's ghost, journeyman MiFi
Lair:4 Meliai DeathRoom, Norn's ghost, journeyman MfSk


Innate Abilities, Weirdness & Mutations

Your experience applies equally to all skills.
You have very sharp teeth.
Your uncanny sense of smell can sniff out nearby items.


Message History

You kill the wizard!
Okawaru accepts your kill. The deep troll shaman misses you. x2
You block the deep troll shaman's attack.
You slice the deep troll shaman!!
You feel better.
The deep troll shaman is almost dead.
The deep troll closely misses you. You block the deep troll's attack. x2
The frost giant casts a spell at you. The bolt of cold hits you! You resist.
* * * LOW HITPOINT WARNING * * *
You completely miss the deep troll shaman.
You bite the deep troll shaman.
You kill the deep troll shaman!
Okawaru accepts your kill. You block the deep troll's attack.
The deep troll misses you. The deep troll closely misses you.
You slice the deep troll!!
You feel better.
The deep troll is heavily wounded.
The frost giant hits you with a +1 battleaxe of freezing!!
You die...

## ##### ## .#
###.#.#####.#### .#
)...#..........# .#
###.#.#######..##.#
#.#....# #....######
#.####.######.T)?.....
#.........# #@C.#
######.##.# #[T.#
.>...............
###+####................
......##....####.#......
......##.##.# #.#.#####
......##.# .# #.#..
.(....##.# . #.####
###.### ...


You could see a frost giant and 2 deep trolls.

Vanquished Creatures
  Rupert (D:13)
  Nessos (Lair:6)
  A stone giant (Depths:1)
  A yaktaur captain (D:15)
  A great orb of eyes (D:14)
  Erolcha (D:9)
  7 hydras
  The ghost of lis82 the Magician, a journeyman DgWz (D:12)
  5 centaur warriors
  2 catoblepae
  4 two-headed ogres
  A deep troll earth mage (Depths:1)
  2 deep troll shamans (Depths:1)
  3 death yaks (Lair:5)
  A deep troll (Depths:1)
  A necromancer (IceCv)
  3 wizards
  7 orc knights
  12 ugly things
  An orc sorcerer (Orc:2)
  2 deep elf magi (Orc:1)
  5 manticores
  Maurice (D:13)
  A centaur zombie (D:7)
  4 cyclopes
  7 black mambas
  8 elephants
  2 torpor snails
  3 ice statues (IceCv)
  3 centaur skeletons
  24 spiny frogs
  An efreet (D:13)
  8 ice devils (IceCv)
  6 komodo dragons
  A yaktaur (D:15)
  A rime drake (Lair:5)
  3 polar bears
  7 trolls
  5 tyrant leeches (Lair:6)
  24 blink frogs
  10 hippogriffs
  11 slime creatures
  2 dream sheep (Lair:6)
  A meliai zombie (D:13)
  3 wraiths
  64 yaks
  A vampire (D:13)
  2 shadows
  16 humans
  A golden eye (shapeshifter) (D:14)
  3 wyverns
  4 basilisks
  3 hungry ghosts
  6 vampire mosquitoes (Lair:6)
  Menkaure (D:7)
  4 wargs
  Edmund (D:6)
  A soldier ant (D:14)
  13 water moccasins
  Duvessa (D:7)
  37 orc warriors
  A sky beast (D:15)
  6 porcupines
  A swamp drake (Orc:1)
  A black bear (D:10)
  An ice beast (D:10)
  4 necrophages
  4 boggarts
  A phantom (D:11)
  9 ogres
  6 wolves (Lair:1)
  21 centaurs
  2 big kobolds
  13 crocodiles
  27 bullfrogs
  2 gnoll sergeants
  Dowan (D:7)
  2 wyvern skeletons (D:14)
  3 scorpions
  23 killer bees
  9 wights
  5 howler monkeys
  10 crimson imps
  A draconian simulacrum (IceCv)
  3 human zombies (D:8)
  3 quasits
  3 bullfrog zombies
  8 hounds
  14 orc priests
  An iron imp (Orc:1)
  4 jellies
  15 orc wizards
  2 bullfrog skeletons
  2 human skeletons (D:8)
  5 iguanas
  Natasha (D:3)
  2 hell rats
  8 worker ants
  A killer bee zombie (D:10)
  2 troll simulacra (IceCv)
  4 centaur simulacra
  3 hound zombies
  2 mummies (D:8)
  3 hound skeletons
  A worker ant zombie (D:9)
  A howler monkey zombie (D:8)
  9 adders
  12 gnolls
  2 ogre simulacra (IceCv)
  6 river rats
  2 naga simulacra (IceCv)
  2 shadow imps
  13 white imps
  An ooze (D:2)
  2 adder zombies
  4 worms
  2 dart slugs
  2 leopard geckos
  72 orcs
  10 giant cockroaches
  6 goblins
  9 hobgoblins
  8 jackals
  4 quokkas
  4 ball pythons
  7 bats
  8 frilled lizards
  A goblin skeleton (D:8)
  2 goblin zombies (D:8)
  6 hobgoblin zombies (D:8)
  A jackal skeleton (D:5)
  19 kobolds
  3 kobold skeletons (D:8)
  2 orc skeletons (D:8)
  An orc zombie (D:8)
  10 rats
  A fungus (Lair:4)
  A plant (Lair:6)
830 creatures vanquished.

Vanquished Creatures (others)
  An unseen horror (D:15)
  An orc (D:14)
  7 fungi
  53 plants
62 creatures vanquished.

Grand Total: 892 creatures vanquished

Notes
Turn   | Place    | Note
-------+----------+-------------------------------------------
     0 | D:1      | Devinter the Gnoll Monk began the quest for the Orb.
     0 | D:1      | Reached XP level 1. HP: 23/23 MP: 1/1
   112 | D:1      | Reached XP level 2. HP: 29/29 MP: 2/2
   581 | D:1      | Reached XP level 3. HP: 32/35 MP: 3/3
  1313 | D:2      | Reached skill level 1 in Invocations
  1589 | D:2      | Found a glowing silver altar of Zin.
  1590 | D:2      | Found an opulent altar of Gozag.
  1683 | D:3      | Reached skill level 1 in Short Blades
  1683 | D:3      | Reached skill level 1 in Axes
  1683 | D:3      | Reached skill level 1 in Maces & Flails
  1683 | D:3      | Reached skill level 1 in Polearms
  1683 | D:3      | Reached skill level 1 in Staves
  1683 | D:3      | Reached skill level 1 in Slings
  1683 | D:3      | Reached skill level 1 in Bows
  1683 | D:3      | Reached skill level 1 in Crossbows
  1683 | D:3      | Reached skill level 1 in Throwing
  1683 | D:3      | Reached skill level 1 in Armour
  1683 | D:3      | Reached skill level 1 in Shields
  1683 | D:3      | Reached skill level 1 in Unarmed Combat
  1683 | D:3      | Reached skill level 1 in Spellcasting
  1683 | D:3      | Reached skill level 1 in Evocations
  1704 | D:3      | Found a shadowy altar of Dithmenos.
  1731 | D:3      | Reached XP level 4. HP: 41/41 MP: 5/5
  2209 | D:3      | Noticed Natasha
  2476 | D:3      | Killed Natasha
  2476 | D:3      | Reached skill level 1 in Conjurations
  2476 | D:3      | Reached skill level 1 in Hexes
  2476 | D:3      | Reached skill level 1 in Charms
  2476 | D:3      | Reached skill level 1 in Summonings
  2476 | D:3      | Reached skill level 1 in Necromancy
  2476 | D:3      | Reached skill level 1 in Translocations
  2476 | D:3      | Reached skill level 1 in Transmutations
  2476 | D:3      | Reached skill level 1 in Fire Magic
  2476 | D:3      | Reached skill level 1 in Ice Magic
  2476 | D:3      | Reached skill level 1 in Air Magic
  2476 | D:3      | Reached skill level 1 in Earth Magic
  2476 | D:3      | Reached skill level 1 in Poison Magic
  2851 | D:4      | Reached XP level 5. HP: 34/47 MP: 5/7
  3377 | D:4      | Reached skill level 2 in Invocations
  3377 | D:4      | Reached XP level 6. HP: 45/53 MP: 8/8
  3789 | D:5      | Entered Level 5 of the Dungeon
  3964 | D:5      | Reached skill level 2 in Short Blades
  3964 | D:5      | Reached skill level 2 in Axes
  3964 | D:5      | Reached skill level 2 in Maces & Flails
  3964 | D:5      | Reached skill level 2 in Polearms
  3964 | D:5      | Reached skill level 2 in Staves
  3964 | D:5      | Reached skill level 2 in Slings
  3964 | D:5      | Reached skill level 2 in Bows
  3964 | D:5      | Reached skill level 2 in Crossbows
  3964 | D:5      | Reached skill level 2 in Throwing
  3964 | D:5      | Reached skill level 2 in Armour
  3964 | D:5      | Reached skill level 2 in Shields
  3964 | D:5      | Reached skill level 2 in Unarmed Combat
  3964 | D:5      | Reached skill level 2 in Spellcasting
  3964 | D:5      | Reached skill level 2 in Evocations
  4153 | D:5      | Reached XP level 7. HP: 47/59 MP: 10/10
  4215 | D:5      | Reached skill level 7 in Fighting
  4215 | D:5      | Reached skill level 7 in Long Blades
  4215 | D:5      | Reached skill level 7 in Dodging
  4610 | D:5      | Learned a level 1 spell: Flame Tongue
  4636 | D:5      | You fall through a shaft for 2 floors!
  4636 | D:7      | Found a staircase to the Ecumenical Temple.
  4642 | Temple   | Entered the Ecumenical Temple
  4645 | Temple   | Reached skill level 2 in Conjurations
  4645 | Temple   | Reached skill level 2 in Hexes
  4645 | Temple   | Reached skill level 2 in Charms
  4645 | Temple   | Reached skill level 2 in Summonings
  4645 | Temple   | Reached skill level 2 in Necromancy
  4645 | Temple   | Reached skill level 2 in Translocations
  4645 | Temple   | Reached skill level 2 in Transmutations
  4645 | Temple   | Reached skill level 2 in Fire Magic
  4645 | Temple   | Reached skill level 2 in Ice Magic
  4645 | Temple   | Reached skill level 2 in Air Magic
  4645 | Temple   | Reached skill level 2 in Earth Magic
  4645 | Temple   | Reached skill level 2 in Poison Magic
  4701 | Temple   | Became a worshipper of Warmaster Okawaru
  4701 | Temple   | Reached * piety under Okawaru
  4701 | Temple   | Reached ** piety under Okawaru
  4829 | D:6      | Reached skill level 5 in Stealth
  4829 | D:6      | Reached skill level 3 in Invocations
  4937 | D:5      | Learned a level 3 spell: Ozocubu's Armour
  4939 | D:5      | Learned a level 1 spell: Freeze
  5147 | D:5      | Reached XP level 8. HP: 67/67 MP: 10/12
  5250 | D:5      | Reached skill level 3 in Short Blades
  5250 | D:5      | Reached skill level 3 in Axes
  5250 | D:5      | Reached skill level 3 in Maces & Flails
  5250 | D:5      | Reached skill level 3 in Polearms
  5250 | D:5      | Reached skill level 3 in Staves
  5250 | D:5      | Reached skill level 3 in Slings
  5250 | D:5      | Reached skill level 3 in Bows
  5250 | D:5      | Reached skill level 3 in Crossbows
  5250 | D:5      | Reached skill level 3 in Throwing
  5250 | D:5      | Reached skill level 3 in Armour
  5250 | D:5      | Reached skill level 3 in Shields
  5250 | D:5      | Reached skill level 3 in Unarmed Combat
  5250 | D:5      | Reached skill level 3 in Spellcasting
  5250 | D:5      | Reached skill level 3 in Evocations
  5503 | D:5      | Found a bloodstained altar of Trog.
  6586 | D:6      | Reached skill level 4 in Invocations
  6725 | D:6      | Found a glowing golden altar of the Shining One.
  6727 | D:6      | Found a shattered altar of Ashenzari.
  6727 | D:6      | Found a white marble altar of Elyvilon.
  6727 | D:6      | Found a sacrificial altar of Ru.
  6731 | D:6      | Found a snail-covered altar of Cheibriados.
  6771 | D:6      | Reached *** piety under Okawaru
  6771 | D:6      | Reached skill level 3 in Conjurations
  6771 | D:6      | Reached skill level 3 in Hexes
  6771 | D:6      | Reached skill level 3 in Charms
  6771 | D:6      | Reached skill level 3 in Summonings
  6771 | D:6      | Reached skill level 3 in Necromancy
  6771 | D:6      | Reached skill level 3 in Translocations
  6771 | D:6      | Reached skill level 3 in Transmutations
  6771 | D:6      | Reached skill level 3 in Fire Magic
  6771 | D:6      | Reached skill level 3 in Ice Magic
  6771 | D:6      | Reached skill level 3 in Air Magic
  6771 | D:6      | Reached skill level 3 in Earth Magic
  6771 | D:6      | Reached skill level 3 in Poison Magic
  6806 | D:6      | Noticed Edmund
  6815 | D:6      | Killed Edmund
  6815 | D:6      | Reached XP level 9. HP: 61/72 MP: 11/14
  7106 | D:7      | Noticed Dowan
  7107 | D:7      | Noticed Duvessa
  7119 | D:7      | Killed Duvessa
  7126 | D:7      | Killed Dowan
  7148 | D:7      | Received a gift from Okawaru
  7191 | D:7      | Reached skill level 4 in Short Blades
  7191 | D:7      | Reached skill level 4 in Axes
  7191 | D:7      | Reached skill level 4 in Maces & Flails
  7191 | D:7      | Reached skill level 4 in Polearms
  7191 | D:7      | Reached skill level 4 in Staves
  7191 | D:7      | Reached skill level 4 in Slings
  7191 | D:7      | Reached skill level 4 in Bows
  7191 | D:7      | Reached skill level 4 in Crossbows
  7191 | D:7      | Reached skill level 4 in Throwing
  7191 | D:7      | Reached skill level 4 in Armour
  7191 | D:7      | Reached skill level 4 in Shields
  7191 | D:7      | Reached skill level 4 in Unarmed Combat
  7191 | D:7      | Reached skill level 4 in Spellcasting
  7191 | D:7      | Reached skill level 4 in Evocations
  7200 | D:7      | Found Aqab's Armour Emporium.
  7249 | D:7      | Noticed Menkaure
  7473 | D:7      | Reached skill level 6 in Stealth
  7696 | D:7      | Reached skill level 8 in Fighting
  7696 | D:7      | Reached skill level 8 in Long Blades
  7696 | D:7      | Reached skill level 8 in Dodging
  7718 | D:7      | Killed Menkaure
  7718 | D:7      | Reached **** piety under Okawaru
  7774 | D:8      | Reached skill level 5 in Invocations
  7805 | D:8      | Found a glowing golden altar of the Shining One.
  7980 | D:8      | Reached XP level 10. HP: 71/79 MP: 15/17
  8095 | D:8      | Found an ancient bone altar of Kikubaaqudgha.
  8110 | D:8      | Reached skill level 4 in Conjurations
  8110 | D:8      | Reached skill level 4 in Hexes
  8110 | D:8      | Reached skill level 4 in Charms
  8110 | D:8      | Reached skill level 4 in Summonings
  8110 | D:8      | Reached skill level 4 in Necromancy
  8110 | D:8      | Reached skill level 4 in Translocations
  8110 | D:8      | Reached skill level 4 in Transmutations
  8110 | D:8      | Reached skill level 4 in Fire Magic
  8110 | D:8      | Reached skill level 4 in Ice Magic
  8110 | D:8      | Reached skill level 4 in Air Magic
  8110 | D:8      | Reached skill level 4 in Earth Magic
  8110 | D:8      | Reached skill level 4 in Poison Magic
  8398 | D:8      | Reached skill level 5 in Short Blades
  8398 | D:8      | Reached skill level 5 in Axes
  8398 | D:8      | Reached skill level 5 in Maces & Flails
  8398 | D:8      | Reached skill level 5 in Polearms
  8398 | D:8      | Reached skill level 5 in Staves
  8398 | D:8      | Reached skill level 5 in Slings
  8398 | D:8      | Reached skill level 5 in Bows
  8398 | D:8      | Reached skill level 5 in Crossbows
  8398 | D:8      | Reached skill level 5 in Throwing
  8398 | D:8      | Reached skill level 5 in Armour
  8398 | D:8      | Reached skill level 5 in Shields
  8398 | D:8      | Reached skill level 5 in Unarmed Combat
  8398 | D:8      | Reached skill level 5 in Spellcasting
  8398 | D:8      | Reached skill level 5 in Evocations
  8535 | D:8      | Found an ornate altar of the Wu Jian Council.
  8535 | D:8      | Found a sparkling altar of Nemelex Xobeh.
  8815 | D:9      | Noticed Erolcha
  9129 | D:9      | Killed Erolcha
  9129 | D:9      | Reached ***** piety under Okawaru
  9133 | D:9      | Noticed a two-headed ogre
  9149 | D:8      | Killed a two-headed ogre
  9149 | D:8      | Received a gift from Okawaru
  9149 | D:8      | Reached skill level 6 in Invocations
  9278 | D:9      | Reached skill level 7 in Stealth
  9388 | D:9      | Noticed a purple ugly thing
  9401 | D:9      | Killed a purple ugly thing
  9459 | D:9      | Received a gift from Okawaru
  9885 | D:10     | Entered Level 10 of the Dungeon
  9894 | D:10     | Reached XP level 11. HP: 85/85 MP: 19/19
 10131 | D:10     | Received a gift from Okawaru
 10176 | D:10     | Reached skill level 9 in Fighting
 10176 | D:10     | Reached skill level 9 in Long Blades
 10176 | D:10     | Reached skill level 9 in Dodging
 10189 | D:10     | Found a staircase to the Lair.
 10259 | Lair:1   | Entered Level 1 of the Lair of Beasts
 10322 | D:10     | Reached skill level 6 in Short Blades
 10322 | D:10     | Reached skill level 6 in Axes
 10322 | D:10     | Reached skill level 6 in Maces & Flails
 10322 | D:10     | Reached skill level 6 in Polearms
 10322 | D:10     | Reached skill level 6 in Staves
 10322 | D:10     | Reached skill level 6 in Slings
 10322 | D:10     | Reached skill level 6 in Bows
 10322 | D:10     | Reached skill level 6 in Crossbows
 10322 | D:10     | Reached skill level 6 in Throwing
 10322 | D:10     | Reached skill level 6 in Armour
 10322 | D:10     | Reached skill level 6 in Shields
 10322 | D:10     | Reached skill level 6 in Unarmed Combat
 10322 | D:10     | Reached skill level 6 in Spellcasting
 10322 | D:10     | Reached skill level 6 in Evocations
 10327 | D:10     | Reached skill level 5 in Conjurations
 10327 | D:10     | Reached skill level 5 in Hexes
 10327 | D:10     | Reached skill level 5 in Charms
 10327 | D:10     | Reached skill level 5 in Summonings
 10327 | D:10     | Reached skill level 5 in Necromancy
 10327 | D:10     | Reached skill level 5 in Translocations
 10327 | D:10     | Reached skill level 5 in Transmutations
 10327 | D:10     | Reached skill level 5 in Fire Magic
 10327 | D:10     | Reached skill level 5 in Ice Magic
 10327 | D:10     | Reached skill level 5 in Air Magic
 10327 | D:10     | Reached skill level 5 in Earth Magic
 10327 | D:10     | Reached skill level 5 in Poison Magic
 10664 | D:10     | Received a gift from Okawaru
 10665 | D:10     | Got a bloodstained triple crossbow {god gift}
 10849 | D:10     | Found a shattered altar of Ashenzari.
 11534 | Lair:1   | Reached skill level 7 in Invocations
 12246 | Lair:1   | Found a radiant altar of Vehumet.
 12275 | Lair:1   | Received a gift from Okawaru
 12725 | Lair:2   | Identified the +12 spear "Gotiotsi" {antimagic, Str+3}
 12725 | Lair:2   | Noticed a spriggan rider
 12726 | Lair:2   | Noticed Xudgha's ghost (journeyman MiFi)
 12728 | Lair:2   | Found a bloodstained altar of Trog.
 12728 | Lair:2   | Noticed a moth of wrath
 12728 | Lair:2   | Noticed a moth of wrath
 12742 | Lair:2   | Found a transporter.
 12755 | Lair:2   | Reached skill level 8 in Stealth
 12767 | Lair:2   | Reached XP level 12. HP: 91/95 MP: 22/22
 12773 | Lair:2   | Found a transporter.
 12840 | Lair:2   | Learned a level 6 spell: Deflect Missiles
 12906 | Lair:2   | Identified the +8 triple crossbow "Killer Klown's Bane"
                  | {flame, rPois MR+} (Okawaru gifted it to you on level 10 of
                  | the Dungeon)
 13024 | Lair:2   | Noticed a seven-headed hydra
 13036 | Lair:2   | Killed a five-headed hydra
 13036 | Lair:2   | Received a gift from Okawaru
 13055 | Lair:2   | Found a staircase to the Swamp.
 13305 | Lair:2   | Reached skill level 7 in Short Blades
 13305 | Lair:2   | Reached skill level 7 in Axes
 13305 | Lair:2   | Reached skill level 7 in Maces & Flails
 13305 | Lair:2   | Reached skill level 7 in Polearms
 13305 | Lair:2   | Reached skill level 7 in Staves
 13305 | Lair:2   | Reached skill level 7 in Slings
 13305 | Lair:2   | Reached skill level 7 in Bows
 13305 | Lair:2   | Reached skill level 7 in Crossbows
 13305 | Lair:2   | Reached skill level 7 in Throwing
 13305 | Lair:2   | Reached skill level 7 in Armour
 13305 | Lair:2   | Reached skill level 7 in Shields
 13305 | Lair:2   | Reached skill level 7 in Unarmed Combat
 13305 | Lair:2   | Reached skill level 7 in Spellcasting
 13305 | Lair:2   | Reached skill level 7 in Evocations
 13581 | Lair:3   | Noticed a four-headed hydra
 13588 | Lair:2   | Killed a two-headed hydra
 14220 | Lair:4   | Reached skill level 6 in Conjurations
 14220 | Lair:4   | Reached skill level 6 in Hexes
 14220 | Lair:4   | Reached skill level 6 in Charms
 14220 | Lair:4   | Reached skill level 6 in Summonings
 14220 | Lair:4   | Reached skill level 6 in Necromancy
 14220 | Lair:4   | Reached skill level 6 in Translocations
 14220 | Lair:4   | Reached skill level 6 in Transmutations
 14220 | Lair:4   | Reached skill level 6 in Fire Magic
 14220 | Lair:4   | Reached skill level 6 in Ice Magic
 14220 | Lair:4   | Reached skill level 6 in Air Magic
 14220 | Lair:4   | Reached skill level 6 in Earth Magic
 14220 | Lair:4   | Reached skill level 6 in Poison Magic
 14459 | Lair:4   | Reached ****** piety under Okawaru
 14531 | Lair:4   | Noticed a six-headed hydra
 14573 | Lair:4   | Killed a one-headed hydra
 14573 | Lair:4   | Reached skill level 8 in Invocations
 14782 | Lair:3   | Received a gift from Okawaru
 14808 | Lair:3   | Reached skill level 10 in Fighting
 14808 | Lair:3   | Reached skill level 10 in Long Blades
 14808 | Lair:3   | Reached skill level 10 in Dodging
 14863 | Lair:3   | Received a gift from Okawaru
 14880 | Lair:3   | Got a scorched shield {god gift}
 14881 | Lair:3   | Identified the +4 shield "Kiwnoff" {rElec Slay+2 Stlth+}
                  | (Okawaru gifted it to you on level 3 of the Lair of Beasts)
 15280 | Lair:3   | Found a runed translucent door.
 15282 | Lair:3   | Noticed a four-headed hydra
 15290 | Lair:3   | Noticed a catoblepas
 15335 | Lair:3   | Killed a catoblepas
 15513 | Lair:3   | Reached XP level 13. HP: 102/102 MP: 24/24
 15762 | Lair:3   | Reached skill level 9 in Stealth
 16414 | Lair:4   | Found a transporter.
 16425 | Lair:4   | Found a transporter.
 16430 | Lair:4   | Noticed Norn's ghost (journeyman MfSk)
 16862 | Lair:4   | Reached skill level 8 in Short Blades
 16862 | Lair:4   | Reached skill level 8 in Axes
 16862 | Lair:4   | Reached skill level 8 in Maces & Flails
 16862 | Lair:4   | Reached skill level 8 in Polearms
 16862 | Lair:4   | Reached skill level 8 in Staves
 16862 | Lair:4   | Reached skill level 8 in Slings
 16862 | Lair:4   | Reached skill level 8 in Bows
 16862 | Lair:4   | Reached skill level 8 in Crossbows
 16862 | Lair:4   | Reached skill level 8 in Throwing
 16862 | Lair:4   | Reached skill level 8 in Armour
 16862 | Lair:4   | Reached skill level 8 in Shields
 16862 | Lair:4   | Reached skill level 8 in Unarmed Combat
 16862 | Lair:4   | Reached skill level 8 in Spellcasting
 16862 | Lair:4   | Reached skill level 8 in Evocations
 17179 | Lair:4   | Found a staircase to the Snake Pit.
 17917 | Lair:5   | Reached skill level 9 in Invocations
 18032 | Lair:5   | Got a faintly humming robe
 18039 | Lair:5   | Found a staircase to the Slime Pits.
 18040 | Lair:5   | Found a viscous altar of Jiyva.
 18161 | Lair:5   | Received a gift from Okawaru
 18165 | Lair:5   | Got a pair of faintly glowing gloves {god gift}
 18176 | Lair:5   | Identified the +1 pair of gloves "Losut" {rElec rF+}
                  | (Okawaru gifted it to you on level 5 of the Lair of Beasts)
 18347 | Lair:5   | Reached skill level 7 in Conjurations
 18347 | Lair:5   | Reached skill level 7 in Hexes
 18347 | Lair:5   | Reached skill level 7 in Charms
 18347 | Lair:5   | Reached skill level 7 in Summonings
 18347 | Lair:5   | Reached skill level 7 in Necromancy
 18347 | Lair:5   | Reached skill level 7 in Translocations
 18347 | Lair:5   | Reached skill level 7 in Transmutations
 18347 | Lair:5   | Reached skill level 7 in Fire Magic
 18347 | Lair:5   | Reached skill level 7 in Ice Magic
 18347 | Lair:5   | Reached skill level 7 in Air Magic
 18347 | Lair:5   | Reached skill level 7 in Earth Magic
 18347 | Lair:5   | Reached skill level 7 in Poison Magic
 18371 | Lair:5   | HP: 10/104 [poisoned by a black mamba]
 18377 | Lair:5   | HP: 8/104 [poisoned by a black mamba]
 18383 | Lair:5   | HP: 6/104 [poisoned by a black mamba]
 18389 | Lair:5   | HP: 6/104 [poisoned by a black mamba]
 18396 | Lair:5   | HP: 6/104 [poisoned by a black mamba]
 19473 | Lair:6   | Entered Level 6 of the Lair of Beasts
 20239 | Lair:6   | Reached XP level 14. HP: 103/111 MP: 26/26
 21300 | Lair:6   | Reached skill level 11 in Fighting
 21300 | Lair:6   | Reached skill level 11 in Long Blades
 21300 | Lair:6   | Reached skill level 11 in Dodging
 21304 | Lair:6   | Reached skill level 9 in Short Blades
 21304 | Lair:6   | Reached skill level 9 in Axes
 21304 | Lair:6   | Reached skill level 9 in Maces & Flails
 21304 | Lair:6   | Reached skill level 9 in Polearms
 21304 | Lair:6   | Reached skill level 9 in Staves
 21304 | Lair:6   | Reached skill level 9 in Slings
 21304 | Lair:6   | Reached skill level 9 in Bows
 21304 | Lair:6   | Reached skill level 9 in Crossbows
 21304 | Lair:6   | Reached skill level 9 in Throwing
 21304 | Lair:6   | Reached skill level 9 in Armour
 21304 | Lair:6   | Reached skill level 9 in Shields
 21304 | Lair:6   | Reached skill level 9 in Unarmed Combat
 21304 | Lair:6   | Reached skill level 9 in Spellcasting
 21304 | Lair:6   | Reached skill level 9 in Evocations
 21444 | Lair:6   | Received a gift from Okawaru
 21526 | Lair:6   | Reached skill level 10 in Stealth
 21669 | Lair:6   | Noticed Nessos
 21694 | Lair:6   | Killed Nessos
 21984 | Lair:5   | Reached skill level 10 in Invocations
 22610 | Lair:6   | Identified 2 scrolls of acquirement
 22625 | Lair:6   | Identified the +3 robe of Restlessness {SInv} (You found it
                  | on level 5 of the Lair of Beasts)
 22748 | Lair:6   | Learned a level 2 spell: Blink
 22751 | Lair:6   | Learned a level 2 spell: Shroud of Golubria
 22763 | Lair:6   | Got a translucent bronze ring
 22766 | Lair:6   | Identified the ring "Qutotwe" {Str+4 Stlth+} (You found it
                  | on level 6 of the Lair of Beasts)
 22927 | Lair:1   | Learned a level 4 spell: Cause Fear
 22959 | D:11     | Received a gift from Okawaru
 23841 | D:12     | Found a staircase to the Orcish Mines.
 24951 | D:12     | Found a runed translucent door.
 24952 | D:12     | Noticed lis82's ghost (journeyman DgWz)
 24977 | D:12     | Killed lis82's ghost
 25501 | Orc:1    | Entered Level 1 of the Orcish Mines
 25578 | Orc:1    | Reached skill level 8 in Conjurations
 25578 | Orc:1    | Reached skill level 8 in Hexes
 25578 | Orc:1    | Reached skill level 8 in Charms
 25578 | Orc:1    | Reached skill level 8 in Summonings
 25578 | Orc:1    | Reached skill level 8 in Necromancy
 25578 | Orc:1    | Reached skill level 8 in Translocations
 25578 | Orc:1    | Reached skill level 8 in Transmutations
 25578 | Orc:1    | Reached skill level 8 in Fire Magic
 25578 | Orc:1    | Reached skill level 8 in Ice Magic
 25578 | Orc:1    | Reached skill level 8 in Air Magic
 25578 | Orc:1    | Reached skill level 8 in Earth Magic
 25578 | Orc:1    | Reached skill level 8 in Poison Magic
 25633 | Orc:1    | Reached XP level 15. HP: 48/119 MP: 25/28
 26284 | Orc:1    | Got a shadowed robe
 26355 | Orc:2    | Entered Level 2 of the Orcish Mines
 26403 | Orc:2    | Found a staircase to the Elven Halls.
 26791 | Orc:2    | Found a roughly hewn altar of Beogh.
 26907 | Orc:2    | Received a gift from Okawaru
 27807 | Orc:2    | Found Meulalysh's Magic Scroll Boutique.
 27807 | Orc:2    | Found Diunid's Armour Shoppe.
 27809 | Orc:2    | Found Vaaz's Distillery.
 27811 | Orc:2    | Found Ceoros's Weapon Shop.
 27838 | Orc:2    | Bought a scroll of torment for 105 gold pieces
 27838 | Orc:2    | Bought a scroll of identify for 28 gold pieces
 27838 | Orc:2    | Bought a scroll of identify for 28 gold pieces
 27838 | Orc:2    | Bought a scroll of enchant weapon for 105 gold pieces
 27838 | Orc:2    | Bought a scroll of identify for 28 gold pieces
 27838 | Orc:2    | Bought a scroll of enchant armour for 105 gold pieces
 27838 | Orc:2    | Bought a scroll of fear for 49 gold pieces
 27838 | Orc:2    | Bought a scroll of remove curse for 42 gold pieces
 27838 | Orc:2    | Bought a scroll of teleportation for 42 gold pieces
 27838 | Orc:2    | Bought a scroll of fear for 49 gold pieces
 27838 | Orc:2    | Bought a scroll of fear for 49 gold pieces
 27844 | Orc:2    | Bought a potion of berserk rage for 55 gold pieces
 27844 | Orc:2    | Bought a potion of brilliance for 44 gold pieces
 27850 | Orc:2    | Identified the +1 robe of Resonance {rC- Int+7} (You found
                  | it on level 1 of the Orcish Mines)
 27854 | Orc:2    | Bought a potion of curing for 33 gold pieces
 27854 | Orc:2    | Bought a potion of ambrosia for 88 gold pieces
 27854 | Orc:2    | Bought 2 potions of curing for 66 gold pieces
 27854 | Orc:2    | Bought a potion of agility for 44 gold pieces
 27854 | Orc:2    | Bought a potion of might for 44 gold pieces
 27854 | Orc:2    | Bought a potion of curing for 33 gold pieces
 27854 | Orc:2    | Bought a potion of haste for 110 gold pieces
 27854 | Orc:2    | Bought a potion of haste for 110 gold pieces
 27962 | Orc:2    | Bought the +7 hunting sling of the Manifold Lovers {venom,
                  | SInv} for 720 gold pieces
 28416 | D:13     | Learned a level 4 spell: Summon Lightning Spire
 29159 | D:13     | Noticed Maurice
 29166 | D:13     | Killed Maurice
 29264 | D:14     | Found a gate to the Vaults.
 29264 | D:14     | Noticed Rupert
 29291 | D:13     | Received a gift from Okawaru
 29331 | D:13     | Killed Rupert
 29331 | D:13     | Reached skill level 10 in Short Blades
 29331 | D:13     | Reached skill level 10 in Axes
 29331 | D:13     | Reached skill level 10 in Maces & Flails
 29331 | D:13     | Reached skill level 10 in Polearms
 29331 | D:13     | Reached skill level 10 in Staves
 29331 | D:13     | Reached skill level 10 in Slings
 29331 | D:13     | Reached skill level 10 in Bows
 29331 | D:13     | Reached skill level 10 in Crossbows
 29331 | D:13     | Reached skill level 10 in Throwing
 29331 | D:13     | Reached skill level 10 in Armour
 29331 | D:13     | Reached skill level 10 in Shields
 29331 | D:13     | Reached skill level 10 in Unarmed Combat
 29331 | D:13     | Reached skill level 10 in Spellcasting
 29331 | D:13     | Reached skill level 10 in Evocations
 29870 | D:14     | Got a translucent war axe
 29872 | D:14     | Identified the +5 war axe "Joaceofyiv" {pain, rPois} (You
                  | found it on level 14 of the Dungeon)
 30038 | D:14     | Reached skill level 11 in Invocations
 30182 | D:15     | Entered Level 15 of the Dungeon
 30337 | D:15     | Got a translucent leather armour
 30343 | D:15     | Identified the +1 leather armour of Tapty {rC+} (You found
                  | it on level 15 of the Dungeon)
 30383 | D:15     | Found a frozen archway.
 30414 | D:15     | Reached skill level 11 in Stealth
 30437 | IceCv    | Entered an ice cave
 31347 | IceCv    | Found the +8 glaive of the Guard {elec, +Rage AC+5 SInv}
 31352 | IceCv    | Reached skill level 12 in Fighting
 31352 | IceCv    | Reached skill level 12 in Long Blades
 31352 | IceCv    | Reached skill level 12 in Dodging
 31369 | IceCv    | Got a bloodstained troll leather armour
 31370 | IceCv    | Identified the +3 troll leather armour "Hyucen" {-Cast rC+
                  | Regen+ Slay+5 SInv} (You found it in an ice cave)
 31512 | D:15     | Reached XP level 16. HP: 75/127 MP: 30/30
 31764 | D:15     | Found Peutsiff's Antique Armour Boutique.
 31771 | D:15     | Bought a bloodstained leather armour for 259 gold pieces
 31775 | D:15     | Identified the +0 leather armour of Hatzanou {rN+} (You
                  | bought it in a shop on level 15 of the Dungeon)
 32094 | D:15     | Found a staircase to the Depths.
 32255 | Depths:1 | Entered Level 1 of the Depths
 32287 | Depths:1 | Received a gift from Okawaru
 32359 | Depths:1 | HP: 11/190 [frost giant/bolt of cold (14)]
 32361 | Depths:1 | Slain by a frost giant

Skill      XL: |  1  2  3  4  5  6  7  8  9 10 11 12 13 14 15 |
---------------+----------------------------------------------+-----
Invocations    | 1 2 3 4 5 6 7 8 9 10 11 | 11.4
Short Blades   | 1 2 3 4 5 6 7 8 9 10 | 10.5
Axes           | 1 2 3 4 5 6 7 8 9 10 | 10.5
Maces & Flails | 1 2 3 4 5 6 7 8 9 10 | 10.5
Polearms       | 1 2 3 4 5 6 7 8 9 10 | 10.5
Staves         | 1 2 3 4 5 6 7 8 9 10 | 10.5
Slings         | 1 2 3 4 5 6 7 8 9 10 | 10.5
Bows           | 1 2 3 4 5 6 7 8 9 10 | 10.5
Crossbows      | 1 2 3 4 5 6 7 8 9 10 | 10.5
Throwing       | 1 2 3 4 5 6 7 8 9 10 | 10.5
Armour         | 1 2 3 4 5 6 7 8 9 10 | 10.5
Shields        | 1 2 3 4 5 6 7 8 9 10 | 10.5
Unarmed Combat | 1 2 3 4 5 6 7 8 9 10 | 10.5
Spellcasting   | 1 2 3 4 5 6 7 8 9 10 | 10.5
Evocations     | 1 2 3 4 5 6 7 8 9 10 | 10.5
Conjurations   | 1 2 3 4 5 6 7 8 |  8.9
Hexes          | 1 2 3 4 5 6 7 8 |  8.9
Charms         | 1 2 3 4 5 6 7 8 |  8.9
Summonings     | 1 2 3 4 5 6 7 8 |  8.9
Necromancy     | 1 2 3 4 5 6 7 8 |  8.9
Translocations | 1 2 3 4 5 6 7 8 |  8.9
Transmutations | 1 2 3 4 5 6 7 8 |  8.9
Fire Magic     | 1 2 3 4 5 6 7 8 |  8.9
Ice Magic      | 1 2 3 4 5 6 7 8 |  8.9
Air Magic      | 1 2 3 4 5 6 7 8 |  8.9
Earth Magic    | 1 2 3 4 5 6 7 8 |  8.9
Poison Magic   | 1 2 3 4 5 6 7 8 |  8.9
Fighting       | 7 8 9 10 11 12 | 12.1
Long Blades    | 7 8 9 10 11 12 | 12.1
Dodging        | 7 8 9 10 11 12 | 12.1
Stealth        | 5 6 7 8 9 10 11 | 11.2

Action                   |  1- 3 |  4- 6 |  7- 9 | 10-12 | 13-15 | 16-18 || total
-------------------------+-------+-------+-------+-------+-------+-------++-------
Melee: Falchion          |   112 |   244 |   220 |       |       |       ||   576
       Bite              |    16 |    44 |    75 |   117 |   341 |    29 ||   622
       Punch             |     1 |     3 |     7 |    10 |       |       ||    21
       Long sword        |       |       |   178 |   474 |   808 |       ||  1460
       Quarterstaff      |       |       |    23 |       |       |       ||    23
       Trident           |       |       |     8 |       |       |       ||     8
       Great sword       |       |       |       |   145 |   301 |       ||   446
       Scimitar          |       |       |       |       |   555 |   131 ||   686
 Fire: Shortbow          |       |       |    18 |     9 |       |       ||    27
       Hunting sling     |       |       |     8 |       |       |       ||     8
       Blowgun           |       |       |     3 |       |       |       ||     3
       Triple crossbow   |       |       |       |    34 |    35 |       ||    69
Throw: Tomahawk          |       |       |       |       |    63 |       ||    63
       Stone             |       |       |       |       |     5 |       ||     5
 Cast: Ozocubu's Armour  |       |       |     1 |     1 |    14 |       ||    16
       Blink             |       |       |       |       |    11 |       ||    11
Invok: Heroism           |       |       |     2 |     7 |    31 |     2 ||    42
       Finesse           |       |       |       |       |     2 |     1 ||     3
 Abil: Evoke Berserk Rag |       |       |     5 |     6 |     4 |     1 ||    16
Evoke: Wand              |       |     1 |       |    27 |    19 |       ||    47
  Use: Scroll            |       |       |     1 |    22 |    19 |     1 ||    43
       Potion            |       |       |       |     1 |     2 |       ||     3
 Stab: Sleeping          |     2 |       |     9 |    16 |    47 |     5 ||    79
       Distracted        |       |       |     1 |     1 |     5 |       ||     7
       Paralysed         |       |       |       |     3 |    24 |       ||    27
  Eat: Chunk             |     3 |     4 |    13 |    25 |    46 |     2 ||    93
       Ration            |       |     1 |     1 |     2 |     5 |     2 ||    11
Armor: Robe              |     5 |       |       |       |       |       ||     5
       Chain mail        |    43 |    98 |   138 |    72 |   357 |       ||   708
       Leather armour    |       |       |    18 |    59 |    88 |       ||   165
       Troll leather arm |       |       |       |       |     1 |     9 ||    10
Dodge: Dodged            |    57 |   107 |   246 |   493 |   987 |    84 ||  1974
Block: Shield            |       |       |       |   147 |  1235 |   104 ||  1486
       Rpst.: Falchion   |    24 |    41 |    36 |       |       |       ||   101
       Long sword        |       |       |    37 |    92 |   112 |       ||   241
       Great sword       |       |       |       |    23 |    76 |       ||    99
       Scimitar          |       |       |       |       |    78 |    12 ||    90
